AoeStats
← AiKoBAiE

Arabian Desert

510257243Analyzed
1v1 RM · 2d ago on Sep 30, 2026· 41m 45s· 2 players
Game mode
Random Map
Map size
Tiny (2 player)
Population
200
Speed
Normal
Resources
Standard
Victory
Conquest
Starting age
Dark Age
Ending age
Imperial Age
RankedLock teamsTeams togetherTeam positionsShared explorationLock speedFull tech treeHidden civsTurbo modeCheats
Victory
Defeat
🇩🇪 Persians · Germany
1261
+14
🇺🇸 Portuguese · United States
1211
-14
RAINARVINKLARSSON
10:09 Feudal Age
9:29 Loom
10:33 Double-Bit Axe
16:21 Castle Age
15:05 Horse Collar
16:37 Bloodlines
21:21 Forging
22:45 Scale Barding Armor
23:53 Husbandry
25:09 Bow Saw
27:33 Wheelbarrow
27:33 Chain Barding Armor
27:50 Iron Casting
28:44 Hand Cart
28:15 Town Watch
29:35 Light Cavalry
31:08 Heavy Plow
35:27 Imperial Age
32:51 Fletching
33:16 Gold Mining
33:19 Stone Mining
33:28 Bodkin Arrow
35:16 Hussar
37:59 Blast Furnace
38:09 Plate Barding Armor
39:55 Chemistry
39:18 Devotion
41:14 Two-Man Saw
40:41 Conscription
AiKoBAiE
7:37 Loom
10:46 Feudal Age
16:08 Castle Age
15:00 Stone Mining
15:34 Double-Bit Axe
15:54 Horse Collar
16:41 Gold Mining
22:53 Wheelbarrow
25:32 Bow Saw
28:04 Sanctity
28:58 Fervor
42:50 Imperial Age
Connection lost

Rejoining the realm…

Still unreachable

The connection could not be restored.

Session expired

The server has moved on; the page needs a fresh start.